 Dungeon Crawl Stone Soup version 0.31-a0-845-g9abc20d24f (webtiles) character file.

Game seed: 12856345412265049381

1703710 SuperSeabass the Skinwalker (level 27, 189/244 HPs)
             Began as an Octopode Shapeshifter on Oct 1, 2023.
             Was an Elder of Hepliaklqana.
             Escaped with the Orb
             ... and 3 runes!
             The game lasted 05:37:58 (65774 turns).

SuperSeabass the Skinwalker (OpSh)                 Turns: 65774, Time: 05:37:59

Health: 189/244    AC: 43    Str: 20    XL:     27
Magic:  30/40      EV: 35    Int: 17    God:    Hepliaklqana [****..]
Gold:   4043       SH: 15    Dex: 27    Spells: 11/26 levels left

rFire   + .          .
                       - Unarmed
rCold   + + +        Y - +3 buckler {rC+ rF+}
rNeg    + . .        e - +3 hat of Pondering {ponderous, Will+ MP+10 Int+5}
rPois   ∞            y - amulet "Vuno" {Reflect Will+ SH+5}
rElec   +            k - +4 ring of protection
rCorr   +            C - ring of protection from cold
SInv    +            W - ring of willpower
Will    +++++        K - +4 ring of slaying
Stlth   ++           V - ring of see invisible
HPRegen 0.60/turn    D - +6 ring of dexterity
MPRegen 0.27/turn    Z - ring of protection from cold
                     R - ring of resist corrosion

%: random rage (3%), reflection
@: statue-form, studying Staves, very slow
A: slow and powerful, torment resistance 1, boosted hp, reduced essence, almost
no armour, amphibious, 8 rings, camouflage 1, (gelatinous body 1), (nimble
swimmer 1), tentacles, antennae 2, berserk 1, screaming 2, (shaggy fur 1),
strong 1
0: Orb of Zot
}: 3/15 runes: decaying, serpentine, silver
a: Begin Untransformation, Renounce Religion, Recall Ancestor, Ancestor
Identity, Transference, Idealise


You escaped.
You worshipped Hepliaklqana.
Hepliaklqana was greatly pleased with you.
You were a living statue of rough stone.
You visited 9 branches of the dungeon, and saw 47 of its levels.
You visited the Abyss 1 time.
You visited 1 bazaar.
You also visited: Sewer, Bailey and Wizlab.

You collected 6877 gold pieces.
You spent 2834 gold pieces at shops.

Inventory:

Missiles
 G - 3 throwing nets
 U - 8 curare-tipped darts
Armour
 e - the +3 hat of Pondering (worn) {ponderous, Will+ MP+10 Int+5}
   (You acquired it in a wizard's laboratory)

   Int+5:     It affects your intelligence (+5).
   Will+:     It increases your willpower.
   MP+10:     It affects your magic capacity (+10).
 Y - a +3 buckler of resistance (worn)
Jewellery
 k - a +4 ring of protection (left tentacle)
 y - the amulet "Vuno" (around mantle) {Reflect Will+ SH+5}
   (You found it on level 3 of the Depths)

   [amulet of reflection]

   Reflect:   It reflects blocked missile attacks.
   Will+:     It increases your willpower.
   SH+5:      It affects your SH (+5).
 A - a +4 ring of protection
 C - a ring of protection from cold (right tentacle)
 D - a +6 ring of dexterity (on tentacle)
 E - a +5 ring of evasion
 H - a ring of protection from fire
 K - a +4 ring of slaying (on tentacle)
 R - a ring of resist corrosion (on tentacle)
 V - a ring of see invisible (on tentacle)
 W - a ring of willpower (on tentacle)
 Z - a ring of protection from cold (on tentacle)
Talismans
 f - a granite talisman (active)
 B - a dragon-blood talisman
Wands
 d - a wand of digging (8)
 i - a wand of iceblast (52)
 m - a wand of mindburst (18)
 p - a wand of polymorph (29)
 r - a wand of light (21)
 z - a wand of charming (46)
Scrolls
 a - 3 scrolls of torment
 h - 5 scrolls of fog
 l - 4 scrolls of butterflies
 n - 16 scrolls of teleportation
 t - 7 scrolls of fear
 x - 4 scrolls of poison
 I - 2 scrolls of silence
 J - 12 scrolls of immolation
 M - 2 scrolls of revelation
 O - 6 scrolls of vulnerability
Potions
 b - 5 potions of resistance
 c - 5 potions of enlightenment
 j - 4 potions of mutation
 o - 7 potions of attraction
 q - 7 potions of heal wounds
 v - 15 potions of curing
 w - 8 potions of brilliance
 F - 5 potions of berserk rage
 L - 2 potions of ambrosia
 P - 4 potions of invisibility
 Q - 6 potions of might
 S - 3 potions of magic
 T - 4 potions of haste
 X - a potion of lignification
Miscellaneous
 g - a tin of tremorstones (2/2)
 s - a phial of floods
 u - a lightning rod (4/4)
 N - a phantom mirror


   Skills:
 + Level 22.7 Fighting
 - Level 3.2 Long Blades
 + Level 22.3 Dodging
 - Level 6.0 Stealth
 - Level 5.0 Shields
 * Level 19.6 Unarmed Combat
 - Level 12.0 Translocations
 + Level 8.2 Transmutations
 - Level 8.0 Earth Magic
 - Level 10.0 Invocations
 - Level 10.0 Evocations
 * Level 23.6 Shapeshifting


You had 11 spell levels left.
You knew the following spells:

 Your Spells              Type           Power      Damage    Failure   Level
a - Apportation           Tloc           80%        N/A       1%          1
b - Lesser Beckoning      Tloc           80%        N/A       1%          2
m - Manifold Assault      Tloc           40%        N/A       1%          4
s - Momentum Strike       Conj/Tloc      40%        3d9       3%          2
w - Wereblood             Tmut           28%        N/A       1%          2
B - Blink                 Tloc           80%        N/A       1%          2
P - Passwall              Tmut/Erth      22%        N/A       1%          2

Your spell library contained the following spells:

 Spells                   Type           Power      Damage    Failure   Level
 Sandblast                Erth           54%        2d13      1%          1
 Gell's Gravitas          Tloc           40%        N/A       1%          3
 Teleport Other           Tloc           40%        N/A       1%          3
 Passage of Golubria      Tloc           40%        N/A       1%          4
 Sting                    Tmut/Pois      56%        1d5       5%          1
 Volatile Blastmotes      Fire/Tloc      40%        2d13      8%          3
 Petrify                  Tmut/Erth      27%        N/A       11%         4
 Stone Arrow              Conj/Erth      26%        3d8       17%         3
 Dimensional Bullseye     Hex/Tloc       10%        N/A       24%         4
 Iskenderun's Mystic Bla  Conj/Tloc      20%        2d6       24%         4
 Foxfire                  Conj/Fire      0%         2x1d4     28%         1
 Freeze                   Ice            0%         1d3       28%         1
 Kiss of Death            Conj/Necr      0%         2d5       28%         1
 Necrotise                Necr           0%         1d4       28%         1
 Shock                    Conj/Air       0%         1d3       28%         1
 Summon Small Mammal      Summ           0%         N/A       28%         1
 Lee's Rapid Deconstruct  Erth           13%        3d9*      30%         5
 Dispersal                Tloc           20%        N/A       32%         6
 Ensorcelled Hibernation  Hex/Ice        0%         N/A       41%         2
 Jinxbite                 Hex            0%         N/A       41%         2
 Poisonous Vapours        Pois/Air       0%         N/A       41%         2
 Scorch                   Fire           0%         2d5       41%         2
 Static Discharge         Conj/Air       0%         2-2/arc   41%         2
 Brom's Barrelling Bould  Conj/Erth      13%        2d4       50%         4
 Leda's Liquefaction      Hex/Erth       6%         N/A       50%         4
 Call Canine Familiar     Summ           0%         N/A       65%         3
 Confusing Touch          Hex            0%         N/A       65%         3
 Dazzling Flash           Conj/Hex       0%         N/A       65%         3
 Frozen Ramparts          Ice            0%         1d1       65%         3
 Sigil of Binding         Hex            0%         N/A       65%         3
 Summon Guardian Golem    Hex/Summ       0%         N/A       65%         3
 Swiftness                Air            0%         N/A       65%         3
 Alistair's Intoxication  Tmut/Pois      9%         N/A       83%         5
 Irradiate                Conj/Tmut      7%         3d14      83%         5
 Airstrike                Air            0%         2d(0-16)  96%         4
 Anguish                  Hex/Necr       0%         N/A       96%         4
 Animate Dead             Necr           0%         N/A       96%         4
 Dispel Undead            Necr           0%         3d6       96%         4
 Flame Wave               Conj/Fire      0%         2d4       96%         4
 Fulminant Prism          Conj/Hex       0%         3d5       96%         4
 Olgreb's Toxic Radiance  Pois           0%         N/A       96%         4
 Summon Lightning Spire   Summ/Air       0%         N/A       96%         4
 Agony                    Necr           0%         N/A       100%        5
 Metabolic Englaciation   Hex/Ice        0%         N/A       100%        5
 Silence                  Hex/Air        0%         N/A       100%        5
 Summon Mana Viper        Hex/Summ       0%         N/A       100%        5
 Bombard                  Conj/Erth      6%         9d2       100%        6
 Conjure Ball Lightning   Conj/Air       0%         3x3d6     100%        6
 Eringya's Noxious Bog    Tmut/Pois      7%         4d6       100%        6
 Plasma Beam              Fire/Air       0%         2x1d10    100%        6
 Simulacrum               Ice/Necr       0%         N/A       100%        6
 Starburst                Conj/Fire      0%         6d3       100%        6
 Summon Cactus Giant      Summ           0%         N/A       100%        6
 Haunt                    Necr/Summ      0%         N/A       100%        7
 Malign Gateway           Summ/Tloc      10%        N/A       100%        7
 Orb of Destruction       Conj           0%         9d5       100%        7
 Ozocubu's Refrigeration  Ice            0%         4d7       100%        7
 Spellforged Servitor     Conj/Summ      0%         N/A       100%        7
 Borgnjor's Revivificati  Necr           0%         N/A       100%        8
 Discord                  Hex            0%         N/A       100%        8
 Disjunction              Tloc           20%        N/A       100%        8
 Infestation              Necr           0%         N/A       100%        8
 Lehudib's Crystal Spear  Conj/Erth      6%         10d3      100%        8
 Death's Door             Necr           0%         N/A       100%        9
 Dragon's Call            Summ           0%         N/A       100%        9
 Sublimation of Blood     Necr           Unusable   N/A       N/A         2

Dungeon Overview and Level Annotations

Branches:
Dungeon (15/15)            Temple (0/1) D:5            Lair (5/5) D:11
  Swamp (4/4) Lair:2        Snake (4/4) Lair:2        Slime (0/5) Lair:5
    Orc (2/2) D:12            Elf (0/3) Orc:2        Vaults (5/5) D:13
  Crypt (3/3) Vaults:2       Tomb (0/3) Crypt:3      Depths (4/4) D:15
    Zot (5/5) Depths:4      Sewer (visited)          Bailey (visited)
 WizLab (visited)

Altars:
Ashenzari
Dithmenos
Fedhas
Hepliaklqana
Kikubaaqudgha
Okawaru
Ru
Trog
Yredelemnul
Zin
The Shining One
Jiyva

Shops:
D:6 [   D:11 ?   D:12 *   Orc:2 *?(!   Snake:1 **   Snake:4 !!?=*   Vaults:4 [
Depths:1 :=:

Portals:
Hell: Depths:1 Depths:2 Depths:3* Depths:4
Abyss: Depths:1 Depths:2 Depths:3
Pandemonium: Depths:2
Ziggurat: Depths:4
Trove: D:10 (give 9 potions of haste)

Annotations:
D:4 1 runed translucent door, exclusion: door, Crazy Yiuf
Lair:5 exclusion: obsidian statue
Vaults:4 2 transporters
Crypt:1 2 transporters, Pakoimuu's ghost, veteran FoFi
Zot:2 Tiamat


Innate Abilities, Weirdness & Mutations

You are a living statue of rough stone.
Your actions are slow, but your melee attacks are powerful.
You are resistant to unholy torment.
Your maximum health is greatly increased.
Your life essence is reduced to manifest your ancestor. (-10% HP)
You cannot wear most types of armour.
You are amphibious.
You can wear up to eight rings at the same time.
You are immune to poison.
Your skin changes colour to match your surroundings (Stealth+).
((Your rubbery body absorbs attacks. (AC +1, EV +1)))
((You are camouflaged when in or above water. (Stealth+)))
You have tentacles for arms and can constrict up to eight enemies at once.
You have a pair of antennae on your head.
You sometimes lose your temper in combat.
You frequently scream uncontrollably at your foes.
((You are covered in fur. (AC +1)))
Your muscles are strong. (Str +4, Int/Dex -1)


Message History

There is a stone staircase leading down here.
Ancestor HP restored.
There is a stone staircase leading down here.
There is a stone staircase leading up here.
You fly upwards.
There is a stone staircase leading down here.
There is an escape hatch in the ceiling here.
Unknown command.
Unknown command.
There is a stone staircase leading up here.
You fly upwards.
There is a stone staircase leading down here.
You swap places.
A Tzitzimitl comes into view.
You maul the Tzitzimitl!!!
You tail-slap the Tzitzimitl. Your bite misses the Tzitzimitl.
The Tzitzimitl is severely wounded.
You maul the Tzitzimitl!!!!
You kill the Tzitzimitl!
You reach down and open the door.
There is an open door here.
There is a staircase leading out of the dungeon here.
You are a fearsome dragon!
You are flying.
You are studying Staves.
Your flying speed is average.
Your attack delay is about 0.6.
Your damage rating with unarmed combat is about 109 (Base [32 + 19 (UC)] x 150% (Str) x 137% (Fight) + 4 (Slay)).
Your base attributes are Str 16, Int 13, Dex 22.
You begin transforming.
You continue transforming. x3
Your transformation has ended.
HP restored.
The +3 hat of Pondering {ponderous, Will+ MP+10 Int+5} unmelds from your body.
Your +3 buckler of resistance unmelds from your body.
You feel rather ponderous.
You feel resistant to extremes of temperature.
You turn into a living statue of rough stone.
You are a living statue of rough stone.
You are studying Staves.
You have 6 tentacles available for constriction.
Your movement speed is very slow.
Your attack delay is about 1.0.
Your damage rating with unarmed combat is about 57 (Base [12 + 19 (UC)] x 125% (Str) x 137% (Fight) + 4 (Slay)).
Your base attributes are Str 16, Int 13, Dex 22.
You have escaped!

###.........####
###....############
######........##....#
..............#..##.#
######..........#...#
#..............# ##
##..#.##.'+++++.##
.####.....##.+....+..#
......##..##.+.R8.'..#
.##...##...#.+....+..#
....#......#.+....+..#
#..###.......++++++..#
#......##.#.........##
#...#####........####
....#####..#...###
...........#...#
...........#...#


You could see the friendly Xochitl the hexer.

Vanquished Creatures
  A dread lich (Zot:5)
  5 orbs of fire
  5 ancient liches
  Vashnia (Snake:4)
  A curse toe (Crypt:3)
  Saint Roka (Orc:1)
  the Enchantress (Depths:3)
  6 golden dragons
  Jory (Crypt:3)
  2 bone dragons
  2 electric golems (Zot:5)
  Jorgrun (Orc:2)
  7 tentacled monstrosities
  A Hell Sentinel (Abyss:2)
  A Tzitzimitl (D:1)
  Rupert (D:13)
  A walking crystal tome (Depths:3)
  A shard shrike skeleton (Crypt:2)
  16 Orb Guardians (Zot:5)
  2 liches
  A walking earthen tome (Depths:2)
  6 titans (Vaults:5)
  5 quicksilver dragons
  Frances (D:13)
  4 sphinxes
  7 ancient champions
  An Executioner (Depths:2)
  2 thorn hunters (Swamp:4)
  Gastronok (Lair:3)
  A death cob (Zot:3)
  4 draconian monks
  5 storm dragons
  2 revenants (Crypt:3)
  6 shadow dragons
  4 tengu reavers
  8 draconian knights
  An iron dragon (D:14)
  A frost giant (Depths:2)
  9 fire giants
  4 nagarajas
  11 vault wardens
  2 deep elf sorcerers (WizLab)
  A ghost moth (Zot:2)
  6 draconian scorchers
  A draconian stormcaller (Zot:5)
  A caustic shrike zombie (Abyss:2)
  3 demonspawn corrupters (WizLab)
  9 ironbound preservers
  A cacodemon (Depths:2)
  7 draconian shifters
  An angel (Depths:4)
  3 curse skulls
  17 ghouls
  2 orc warlords
  4 ironbound thunderhulks
  15 stone giants
  An ophan (Abyss:2)
  9 very ugly things
  2 reapers
  A stone giant (shapeshifter) (Vaults:5)
  7 draconian annihilators
  A juggernaut skeleton (Crypt:1)
  5 spriggan defenders (Depths:3)
  7 vampire knights
  4 war gargoyles
  The ghost of Kurtz the Severer, a journeyman OpFi of Gozag (D:14)
  11 green draconians
  3 deep elf demonologists
  6 red draconians
  4 eleionomae
  11 dire elephants
  11 white draconians
  5 bunyips
  7 yellow draconians
  A dire elephant (shapeshifter) (Depths:2)
  15 black draconians
  5 spark wasps
  2 purple draconians (Zot:2)
  A blizzard demon (Depths:1)
  A merfolk javelineer (WizLab)
  An eidolon (Crypt:3)
  A mummy priest (Crypt:3)
  6 fire dragons
  5 jiangshi
  7 ettins
  4 deep elf high priests
  2 shambling mangroves (Swamp:4)
  3 crystal guardians
  A spriggan zombie (Depths:1)
  12 yaktaur captains
  A salamander tyrant (Snake:1)
  A rakshasa (Depths:3)
  9 ice dragons
  4 peacekeepers
  25 vault guards
  2 ghost crabs
  2 great orbs of eyes
  Erolcha (Orc:1)
  3 spriggan air magi
  8 ironbound frosthearts
  3 ogre magi
  20 hydras
  2 death knights
  7 anacondas
  Erica (Lair:2)
  2 catoblepae (D:14)
  7 centaur warriors
  2 alligators
  A merfolk aquamancer (WizLab)
  11 two-headed ogres
  14 naga warriors
  11 deep troll shamans
  4 boulder beetles
  6 deep troll earth magi
  3 tengu warriors
  10 naga sharpshooters
  3 spriggan berserkers
  3 thrashing horrors (Abyss:2)
  2 titan zombies (Depths:3)
  Sonja (Lair:2)
  A titan skeleton (Depths:1)
  7 vampire magi
  A skyshark (shapeshifter) (Vaults:5)
  A deep elf knight (Vaults:4)
  3 hell knights
  7 shock serpents
  4 large abominations
  2 hell hogs (Depths:1)
  5 soul eaters
  A skyshark (Lair:3)
  6 shadow wraiths
  5 sun demons
  13 skeletal warriors
  2 wretched stars (Abyss:2)
  16 iron trolls
  6 salamander mystics
  Lodul (D:13)
  A spectral anaconda (Lair:5)
  3 glowing orange brains
  4 goliath frogs
  A spectral death yak (Lair:5)
  A death drake (Depths:3)
  41 deep trolls
  An anaconda zombie (Crypt:1)
  14 swamp dragons
  4 spriggan druids
  2 spriggan simulacra
  7 lindwurms
  5 flayed ghosts
  6 bog bodies
  14 ironbound convokers
  15 wizards
  5 deep elf pyromancers
  4 naga ritualists
  9 phantasmal warriors
  12 necromancers
  A shadow dragon skeleton (Crypt:2)
  A harpy (Vaults:1)
  2 deep elf zephyrmancers (Vaults:4)
  3 starcursed masses (Abyss:2)
  16 salamanders
  10 mana vipers
  An orc sorcerer (Vaults:5)
  48 ugly things
  2 manticores
  7 orc knights
  5 will-o-the-wisps
  A manticore (shapeshifter) (WizLab)
  5 cyclopes
  16 elephants
  A fire giant zombie (Depths:3)
  5 worldbinders (WizLab)
  A salamander (shapeshifter) (D:14)
  14 moths of wrath
  Joseph (D:9)
  A shock serpent zombie (Crypt:3)
  An iron dragon skeleton (Depths:3)
  13 naga magi
  7 smoke demons
  A torpor snail (Lair:2)
  A cane toad (shapeshifter) (Vaults:5)
  3 dire elephant zombies (Lair:5)
  3 gargoyles
  6 guardian serpents
  A rust devil (Depths:2)
  9 vault sentinels
  A fire giant skeleton (Depths:3)
  19 black mambas
  An orange demon (Depths:2)
  13 cane toads
  2 hellions (Depths:1)
  A purple draconian zombie (Crypt:1)
  2 alligator snapping turtle zombies (Crypt:1)
  2 efreet
  An unseen horror (D:11)
  21 yaktaurs
  A red draconian zombie (Crypt:2)
  3 rime drakes (Depths:3)
  6 freezing wraiths
  12 komodo dragons
  4 guardian mummies (Crypt:3)
  An ancient zyme (Abyss:2)
  3 unseen horror zombies (D:9)
  A golden dragon simulacrum (Crypt:1)
  An anaconda simulacrum (Crypt:2)
  4 tengu conjurers
  An unseen horror skeleton (D:9)
  2 harpy zombies
  A meliai (shapeshifter) (D:15)
  4 bloated husks
  A hornet (shapeshifter) (D:14)
  6 tyrant leeches
  19 trolls
  14 hornets
  A polar bear (Lair:3)
  A boulder beetle zombie (Crypt:3)
  A spectral elephant (Lair:5)
  24 blink frogs
  3 dream sheep (Lair:4)
  An ettin zombie (Crypt:1)
  28 slime creatures
  2 harpy skeletons
  6 flying skulls
  A ynoxinul (Depths:2)
  2 shadows
  15 wraiths
  11 spriggans
  9 wyverns
  2 vampires
  22 yaks
  A water elemental (Depths:3)
  An ettin skeleton (Crypt:3)
  An ushabti (Crypt:3)
  7 basilisks
  14 vampire mosquitoes
  2 steam dragons
  Menkaure (D:6)
  2 skyshark zombies (Crypt:1)
  2 spectral cane toads (Lair:5)
  2 wargs (Orc:1)
  2 faun zombies (Crypt:3)
  47 nagas
  13 swamp worms
  An acid dragon (D:8)
  13 water moccasins
  A floating eye (WizLab)
  Duvessa (D:5)
  4 small abominations (Abyss:2)
  10 swamp drakes
  5 hexers
  3 ice beasts
  2 elephant zombies (Lair:5)
  A sky beast (D:5)
  26 ogres
  23 orc warriors
  A swamp dragon zombie (Crypt:1)
  7 boggarts
  A snapping turtle skeleton (Crypt:2)
  11 centaurs
  20 wolves
  2 lemures
  Blork the orc (D:5)
  5 kobold brigands
  3 necrophages
  4 gnoll sergeants
  16 bullfrogs
  A cyclops zombie (Crypt:1)
  A scorpion (D:4)
  A wyvern skeleton (Crypt:3)
  A naga simulacrum (Crypt:3)
  16 wights
  Dowan (D:5)
  12 killer bees
  2 elephant simulacra (Lair:5)
  3 howler monkeys (D:11)
  2 spriggan skeletons (Crypt:1)
  An electric eel (Lair:3)
  3 vampire bats (Bailey)
  3 wolf zombies (Bailey)
  2 jellies
  A black bear zombie (Crypt:2)
  3 centaur zombies (D:9)
  6 hounds
  7 orc priests
  A sleepcap (D:5)
  Jessica (D:3)
  A black bear skeleton (Crypt:2)
  4 iguanas
  Ijyb (D:5)
  2 centaur skeletons (D:9)
  16 orc wizards
  5 hell rats (Lair:5)
  6 gnolls
  18 adders
  2 howler monkey skeletons (D:9)
  2 shadow imps
  2 ufetubi
  An iguana skeleton (Crypt:1)
  A worm (shapeshifter) (Abyss:2)
  3 worms
  A dart slug (D:4)
  68 orcs
  10 ball pythons
  3 bats
  3 endoplasms
  10 giant cockroaches
  8 hobgoblins
  13 jackals
  5 quokkas (Sewer)
  4 frilled lizards (Sewer)
  A hobgoblin skeleton (Crypt:3)
  A jackal zombie (Crypt:1)
  32 kobolds
  19 orc zombies (Bailey)
  7 rats
  A river rat skeleton (Crypt:2)
1812 creatures vanquished.

Vanquished Creatures (collateral kills)
  2 dread liches (Zot:5)
  2 ancient liches (Zot:5)
  3 orbs of fire (Zot:5)
  2 Killer Klowns (Zot:5)
  3 golden dragons
  A curse toe (Zot:4)
  4 tentacled monstrosities
  A hellephant (D:7)
  2 liches
  9 Orb Guardians (Zot:5)
  3 sphinxes
  4 quicksilver dragons
  4 death cobs
  3 storm dragons
  An ancient champion (Crypt:3)
  2 draconian monks
  3 shadow dragons
  A revenant (Crypt:3)
  3 frost giants
  A nagaraja (Snake:4)
  5 draconian knights
  Louise (Snake:4)
  2 draconian scorchers
  3 vault wardens
  2 deep elf sorcerers (Vaults:5)
  An angel (Depths:4)
  5 ghouls
  A draconian annihilator (Zot:3)
  A very ugly thing (Vaults:5)
  3 ironbound thunderhulks
  4 ironbound preservers
  A vampire knight (Crypt:3)
  4 stone giants
  5 green draconians
  2 black draconians
  A deep elf demonologist (Vaults:5)
  4 red draconians
  5 yellow draconians
  2 dire elephants
  5 purple draconians
  A deep elf annihilator (Vaults:5)
  The ghost of Kurtz the Severer, a journeyman OpFi of Gozag (Lair:1)
  4 white draconians
  2 ettins
  3 eidola
  A mummy priest (Crypt:3)
  A deep elf death mage (Vaults:5)
  A crystal guardian (Vaults:2)
  2 deep elf high priests
  A quicksilver dragon zombie (Crypt:3)
  Fannar (Orc:1)
  3 yaktaur captains
  2 ice dragons (Depths:4)
  3 jiangshi
  12 vault guards
  A hydra (Lair:2)
  A fenstrider witch zombie (Crypt:3)
  2 salamander tyrants (Snake:4)
  2 spriggan zombies
  A spriggan skeleton (Crypt:3)
  A spriggan air mage (Depths:3)
  An alligator (Swamp:1)
  An anaconda (Snake:3)
  A centaur warrior (D:15)
  A juggernaut simulacrum (Depths:1)
  4 two-headed ogres
  2 boulder beetles
  A tengu warrior (Depths:1)
  3 vampire magi
  2 deep troll shamans
  2 naga sharpshooters (Snake:4)
  3 naga warriors
  A shock serpent (Snake:3)
  Nergalle (D:12)
  A sun demon (Depths:1)
  A shadow wraith (Crypt:3)
  4 skeletal warriors
  A salamander mystic (Snake:4)
  An iron troll (Depths:2)
  A goliath frog (Swamp:2)
  11 deep trolls
  2 spriggan druids
  2 naga ritualists
  2 swamp dragons (Swamp:4)
  4 wizards
  An orc knight (Vaults:5)
  4 ironbound convokers
  5 bog bodies
  2 phantasmal warriors
  A deep elf pyromancer (D:10)
  A wolf spider (Vaults:5)
  2 mana vipers
  A necromancer (Vaults:2)
  8 ugly things
  5 salamanders
  A will-o-the-wisp (Swamp:2)
  A cyclops (Orc:2)
  9 black mambas
  4 vault sentinels
  A draconian skeleton (Crypt:1)
  5 moths of wrath
  2 naga magi (Snake:4)
  A cane toad (Lair:5)
  10 yaktaurs
  A rime drake (Lair:2)
  An unseen horror (D:11)
  A naga skeleton (Crypt:1)
  A komodo dragon (Lair:3)
  An unseen horror zombie (D:9)
  An iron troll zombie (Crypt:3)
  2 guardian mummies (Crypt:3)
  A tyrant leech (Swamp:2)
  6 hornets
  A hydra skeleton (Crypt:1)
  A fire dragon zombie (Crypt:3)
  A merfolk (shapeshifter) (Vaults:5)
  2 dream sheep (Lair:4)
  A blink frog (Lair:5)
  5 spriggans
  7 slime creatures
  2 flying skulls
  2 shadows (D:9)
  A naga simulacrum (Crypt:1)
  A yak (Lair:4)
  3 wraiths
  An ushabti (Crypt:3)
  A neqoxec (Abyss:2)
  A steam dragon (D:9)
  A swamp worm (Swamp:2)
  2 wargs
  2 vampire mosquitoes
  8 nagas
  2 swamp drakes
  A swamp dragon zombie (Crypt:1)
  5 orc warriors
  A black bear (D:6)
  4 ogres (Orc:2)
  A boggart (D:15)
  2 wolves
  A kobold brigand (D:12)
  2 necrophages (Crypt:3)
  A gnoll sergeant (D:12)
  7 wights
  3 killer bees (D:11)
  An elephant simulacrum (Lair:5)
  4 vampire bats (Bailey)
  4 wolf zombies (Bailey)
  A hound (D:7)
  2 centaur zombies (D:9)
  2 orc priests
  A centaur skeleton (D:9)
  A gnoll bouda (Orc:2)
  3 orc wizards
  A black bear skeleton (Crypt:2)
  A howler monkey zombie (D:9)
  7 gnolls
  17 orcs
  A gnoll zombie (Crypt:2)
  A goblin (D:10)
  A hobgoblin skeleton (Crypt:3)
  7 kobolds
  2 orc zombies (Bailey)
419 creatures vanquished.

Vanquished Creatures (others)
  A fire giant (Vaults:5)
  A white draconian (Zot:5)
  A spriggan (Swamp:3)
  A kobold brigand (D:7)
  45 hexers
  2 ancestors
  An orc (D:5)
  14 foxfires
66 creatures vanquished.

Grand Total: 2297 creatures vanquished

Notes
Turn   | Place    | Note
-------+----------+-------------------------------------------
     0 | D:1      | SuperSeabass the Octopode Shapeshifter began the quest for
                  | the Orb.
     0 | D:1      | Reached XP level 1. HP: 13/13 MP: 1/1
   155 | D:1      | Reached skill level 1 in Stealth
   163 | D:1      | Reached XP level 2. HP: 18/19 MP: 2/2
   495 | D:2      | Reached XP level 3. HP: 25/25 MP: 3/3
   723 | D:2      | Reached XP level 4. HP: 24/31 MP: 4/4
  1104 | D:3      | Noticed Jessica
  1237 | D:3      | Found a faded altar of an unknown god.
  1292 | D:4      | Identified the ring of Giralodgh {Fly Str+3 Int-5}
  1510 | D:4      | Found a glowing drain.
  1515 | Sewer    | Entered a sewer
  1540 | Sewer    | Reached XP level 5. HP: 37/37 MP: 5/5
  1871 | Sewer    | Reached XP level 6. HP: 45/45 MP: 6/6
  1963 | D:4      | Found a runed translucent door.
  1964 | D:4      | Noticed Crazy Yiuf
  2069 | D:4      | Reached skill level 5 in Fighting
  2323 | D:4      | Found a hazy altar of Hepliaklqana.
  2336 | D:4      | Reached skill level 5 in Stealth
  2347 | D:4      | Found a shadowy altar of Dithmenos.
  2348 | D:4      | Noticed a shadow
  2358 | D:4      | Became a worshipper of Hepliaklqana the Forgotten
  2588 | D:5      | Entered Level 5 of the Dungeon
  2665 | D:5      | Noticed Ijyb
  2670 | D:5      | Killed Ijyb
  2671 | D:5      | Reached XP level 7. HP: 47/51 MP: 7/7
  3384 | D:5      | Noticed Pikel
  3448 | D:5      | Pikel changed into Pikel the yak
  3448 | D:5      | Noticed Pikel
  3459 | D:4      | Killed Pikel the yak
  3460 | D:4      | Reached XP level 8. HP: 48/61 MP: 8/8
  3572 | D:5      | Noticed Blork the orc
  3600 | D:5      | Killed Blork the orc
  3658 | D:5      | Found a staircase to the Ecumenical Temple.
  3659 | D:5      | Noticed Duvessa
  3660 | D:5      | Noticed Dowan
  3679 | D:5      | Killed Duvessa
  3696 | D:5      | Killed Dowan
  4568 | D:6      | Reached skill level 10 in Fighting
  4611 | D:6      | Found Oneh's Armour Boutique.
  4662 | D:6      | Reached XP level 9. HP: 48/70 MP: 9/9
  4746 | D:6      | Reached * piety under Hepliaklqana
  4751 | D:6      | Noticed Menkaure
  4761 | D:6      | Killed Menkaure
  5491 | D:7      | Noticed a hornet
  5507 | D:7      | Reached skill level 4 in Shapeshifting
  5988 | D:7      | Found a broken altar of Ashenzari.
  5999 | D:7      | Found a glowing silver altar of Zin.
  6006 | D:7      | Found an ancient bone altar of Kikubaaqudgha.
  6012 | D:7      | Found a glowing golden altar of the Shining One.
  6019 | D:7      | Found a bloodstained altar of Trog.
  6025 | D:7      | Found a blossoming altar of Fedhas.
  6116 | D:7      | Killed a hornet
  6117 | D:7      | Reached skill level 5 in Shapeshifting
  6145 | D:7      | Found a sacrificial altar of Ru.
  6283 | D:3      | Killed Jessica
  6494 | D:3      | Reached ** piety under Hepliaklqana
  6496 | D:3      | Remembered your ancestor Xochitl as a hexer
  6845 | D:8      | Reached skill level 6 in Shapeshifting
  6863 | D:8      | Reached skill level 5 in Unarmed Combat
  7013 | D:8      | Identified the +1 ring mail of Resonant Contentment {Int+3}
  7095 | D:8      | Reached XP level 10. HP: 12/63 MP: 10/10
  7395 | D:8      | Reached skill level 7 in Shapeshifting
  7700 | D:8      | Noticed a cyclops
  8458 | D:9      | Reached skill level 8 in Shapeshifting
  8473 | D:9      | Noticed a green ugly thing
  8657 | D:9      | Noticed Joseph
  8671 | D:9      | Killed Joseph
  8851 | D:9      | Noticed a green ugly thing
  8897 | D:9      | Reached skill level 9 in Shapeshifting
  8952 | D:9      | Reached skill level 10 in Shapeshifting
  8954 | D:9      | Reached XP level 11. HP: 30/72 MP: 11/11
  8980 | D:9      | Reached skill level 11 in Shapeshifting
  8982 | D:9      | HP: 3/72 [flying skull (9)]
  9327 | D:9      | Noticed a skeletal warrior
  9364 | D:10     | Entered Level 10 of the Dungeon
  9532 | D:10     | Noticed a deep elf pyromancer
  9536 | D:10     | Killed a deep elf pyromancer
  9728 | D:10     | Found a flagged portal.
  9749 | Bailey   | Entered a bailey
 10132 | Bailey   | Reached skill level 12 in Shapeshifting
 10136 | Bailey   | Got an antique book
 10450 | Bailey   | Identified the ring of Rinkiuss {Fly rC- Str+4 Dex+2}
 10457 | Bailey   | Identified the +0 scale mail of the Cicada {rC+ rN+ rCorr
                  | Slay+2}
 10628 | D:10     | Reached *** piety under Hepliaklqana
 10832 | D:10     | Found a portal to a secret trove of treasure.
 11067 | D:9      | Noticed a skeletal warrior
 11077 | D:9      | Killed a skeletal warrior
 11187 | D:9      | Killed a skeletal warrior
 11786 | D:9      | Killed a green ugly thing
 11798 | D:9      | Killed a green ugly thing
 11799 | D:9      | Reached XP level 12. HP: 46/78 MP: 12/12
 12031 | D:11     | Noticed a two-headed ogre
 12031 | D:11     | Found Ofoyg's Magic Scroll Shop.
 12068 | D:11     | Reached skill level 13 in Shapeshifting
 12094 | D:11     | Killed a two-headed ogre
 12145 | D:11     | Bought a scroll of fog for 64 gold pieces
 12145 | D:11     | Bought a scroll of fear for 64 gold pieces
 12145 | D:11     | Bought a scroll of immolation for 64 gold pieces
 12146 | D:11     | Bought a scroll of identify for 32 gold pieces
 12146 | D:11     | Bought a scroll of identify for 32 gold pieces
 12146 | D:11     | Bought a scroll of identify for 32 gold pieces
 12146 | D:11     | Bought a scroll of identify for 32 gold pieces
 12146 | D:11     | Bought a scroll of identify for 32 gold pieces
 12343 | D:11     | Identified a scroll of acquirement
 12343 | D:11     | Acquired a +4 ring of protection
 12384 | D:11     | Found a staircase to the Lair.
 12464 | D:11     | Noticed a boulder beetle
 12481 | D:11     | Killed a boulder beetle
 12727 | D:11     | Noticed a two-headed ogre
 12731 | D:11     | Noticed a boulder beetle
 12785 | D:11     | Killed a boulder beetle
 12868 | D:11     | Reached **** piety under Hepliaklqana
 12935 | D:11     | Killed a two-headed ogre
 13427 | Lair:1   | Entered Level 1 of the Lair of Beasts
 13504 | Lair:1   | Reached skill level 14 in Shapeshifting
 13510 | Lair:1   | Reached skill level 5 in Dodging
 13896 | Lair:1   | Found a runed translucent door.
 13896 | Lair:1   | Noticed Kurtz's ghost (journeyman OpFi)
 14201 | Lair:2   | Reached XP level 13. HP: 85/85 MP: 13/13
 14299 | Lair:2   | Noticed Erica
 14304 | Lair:2   | Killed Erica
 14473 | Lair:2   | Noticed Sonja
 14476 | Lair:2   | Killed Sonja
 14638 | Lair:2   | Found a staircase to the Swamp.
 14681 | Lair:2   | Found a staircase to the Snake Pit.
 14947 | Lair:2   | Reached ***** piety under Hepliaklqana
 14964 | Lair:1   | Reached skill level 15 in Shapeshifting
 15580 | Lair:2   | Identified the +1 leather armour of the Iron Devil {rC+
                  | rCorr Dex+3}
 16149 | Lair:3   | Noticed Gastronok
 16163 | Lair:3   | Killed Gastronok
 16675 | Lair:3   | Reached XP level 14. HP: 93/93 MP: 14/14
 17090 | Lair:4   | Reached skill level 1 in Invocations
 17670 | Lair:5   | Entered Level 5 of the Lair of Beasts
 17672 | Lair:5   | Found a viscous altar of Jiyva.
 17672 | Lair:5   | Found a staircase to the Slime Pits.
 17731 | Lair:5   | Reached skill level 16 in Shapeshifting
 18382 | Lair:5   | Reached ****** piety under Hepliaklqana
 18531 | Lair:5   | Noticed a dire elephant
 18532 | Lair:5   | Noticed a dire elephant
 18532 | Lair:5   | Noticed a dire elephant
 18899 | Lair:5   | Reached skill level 5 in Invocations
 19517 | Lair:5   | Killed a dire elephant
 19525 | Lair:5   | Killed a dire elephant
 19852 | Lair:5   | Noticed a dire elephant
 19853 | Lair:5   | Reached XP level 15. HP: 99/99 MP: 19/19
 20160 | Lair:5   | Learned a level 1 spell: Apportation
 20163 | Lair:5   | Learned a level 2 spell: Lesser Beckoning
 20475 | D:12     | Reached skill level 1 in Translocations
 20558 | D:12     | Reached skill level 10 in Dodging
 20580 | D:12     | Found Zin's Purification Station.
 20580 | D:12     | Found a glowing silver altar of Zin.
 20592 | D:12     | Noticed Nergalle
 20600 | D:12     | Killed Nergalle
 20731 | D:12     | Found a staircase to the Orcish Mines.
 21128 | Orc:1    | Entered Level 1 of the Orcish Mines
 21170 | Orc:1    | Noticed an orc warlord
 21356 | Orc:1    | Killed an orc warlord
 21649 | Orc:1    | Noticed Fannar
 21656 | Orc:1    | Killed Fannar
 21858 | Orc:1    | Noticed Erolcha
 21861 | Abyss:2  | Cast into level 2 of the Abyss (Erolcha)
 21940 | Abyss:2  | Noticed a Hell Sentinel
 22117 | Abyss:2  | Noticed a Hell Sentinel
 22133 | Abyss:2  | Killed a Hell Sentinel
 22392 | Orc:1    | Escaped the Abyss
 22400 | Orc:1    | Killed Erolcha
 22721 | Orc:2    | Entered Level 2 of the Orcish Mines
 22721 | Orc:2    | Found a staircase to the Elven Halls.
 22740 | Orc:2    | Noticed Saint Roka
 22971 | Orc:1    | Killed Saint Roka
 23293 | Orc:2    | Noticed Jorgrun
 23301 | Orc:2    | Killed Jorgrun
 23612 | Orc:2    | Found Anges's Assorted Antiques.
 23645 | Orc:2    | Reached skill level 17 in Shapeshifting
 23645 | Orc:2    | Reached XP level 16. HP: 106/108 MP: 19/22
 23662 | Orc:2    | Reached skill level 5 in Translocations
 23870 | Orc:2    | Found Pupuesig's Magic Scroll Shoppe.
 23875 | Orc:2    | Found Tymmynul's Weapon Shop.
 23884 | Orc:2    | Bought a scroll of butterflies for 52 gold pieces
 23884 | Orc:2    | Bought a scroll of immolation for 52 gold pieces
 23884 | Orc:2    | Bought a scroll of immolation for 52 gold pieces
 23886 | Orc:2    | Found Uxkog's Distillery.
 23895 | Orc:2    | Bought 2 potions of heal wounds for 130 gold pieces
 24308 | D:13     | Noticed Frances
 24357 | D:13     | Killed Frances
 24358 | D:13     | Reached skill level 1 in Evocations
 24707 | D:13     | Noticed Rupert
 24714 | D:13     | Killed Rupert
 25121 | D:13     | Found a gate to the Vaults.
 25235 | D:13     | Noticed Lodul
 25250 | D:13     | Killed Lodul
 25430 | D:14     | Found a runed translucent door.
 25434 | D:14     | Noticed Kurtz's ghost (journeyman OpFi)
 25609 | D:14     | Learned a level 2 spell: Blink
 25612 | D:14     | Learned a level 2 spell: Momentum Strike
 25653 | D:14     | Reached skill level 15 in Fighting
 26307 | D:14     | Killed Kurtz's ghost
 26343 | D:15     | Entered Level 15 of the Dungeon
 26908 | D:15     | Reached XP level 17. HP: 114/114 MP: 23/23
 27368 | D:15     | Reached skill level 5 in Evocations
 27869 | D:15     | Found a staircase to the Depths.
 28112 | Swamp:1  | Entered Level 1 of the Swamp
 29040 | Swamp:1  | Identified the +10 mace of Rotation {freeze, Str+3}
 29048 | Swamp:1  | Identified the +9 spear of Wu Jian's Whim {speed, rN+ Int+5
                  | Dex-3}
 29136 | Swamp:1  | Identified the +1 chain mail "Akhlac" {+Inv Will+ Int+4}
 29576 | Swamp:2  | Identified the +7 rapier of Vikh {antimagic, rN+ Will+++
                  | Str+3 Dex-3}
 29685 | Swamp:2  | Got a dog-eared book
 30038 | Swamp:3  | Reached skill level 18 in Shapeshifting
 30350 | Swamp:4  | Entered Level 4 of the Swamp
 31287 | Swamp:3  | Reached XP level 18. HP: 81/121 MP: 24/24
 32612 | Swamp:4  | Got a decaying rune of Zot
 32833 | Snake:1  | Entered Level 1 of the Snake Pit
 33742 | Snake:1  | Found Buatzeih's Assorted Antiques.
 33744 | Snake:1  | Found Oroumud's Assorted Antiques.
 33748 | Snake:1  | Found Odypn's Antique Armour Emporium.
 35297 | Snake:3  | Reached skill level 19 in Shapeshifting
 35452 | Snake:3  | Reached XP level 19. HP: 126/129 MP: 25/25
 36536 | Snake:4  | Entered Level 4 of the Snake Pit
 36687 | Snake:4  | Reached skill level 15 in Dodging
 36798 | Snake:4  | Found Ihiud's General Store.
 36824 | Snake:4  | Bought a potion of heal wounds for 70 gold pieces
 36824 | Snake:4  | Bought a potion of haste for 140 gold pieces
 36824 | Snake:4  | Bought a potion of might for 56 gold pieces
 37365 | Snake:4  | Noticed Vashnia
 37371 | Snake:4  | Killed Vashnia
 37372 | Snake:4  | Reached skill level 10 in Invocations
 37587 | Snake:4  | Got a serpentine rune of Zot
 37993 | Snake:4  | Found Sehok's Distillery.
 37996 | Snake:4  | Found Miemis's Jewellery Boutique.
 37996 | Snake:4  | Found Bynafuul's Distillery.
 38001 | Snake:4  | Found Asabaf's Magic Scroll Boutique.
 38007 | Snake:4  | Bought a scroll of blinking for 150 gold pieces
 38156 | Snake:4  | Noticed Louise
 38168 | Snake:4  | Killed Louise
 38445 | Snake:4  | Acquired a +3 double sword of protection
 38642 | Snake:4  | Bought a ring of ice for 450 gold pieces
 38809 | Vaults:1 | Entered Level 1 of the Vaults
 38951 | Vaults:1 | Found a flickering gateway to a bazaar.
 38969 | Bazaar   | Entered a bazaar
 39019 | Bazaar   | Found Miriroxi's Armour Emporium.
 39043 | Bazaar   | Found Pal Key's Antique Weapon Shop.
 39052 | Bazaar   | Found Intim's Assorted Antiques.
 39058 | Bazaar   | Found Wymmumm's Jewellery Shoppe.
 39067 | Bazaar   | Bought a granite talisman for 880 gold pieces
 39074 | Bazaar   | Bought a scroll of revelation for 270 gold pieces
 39074 | Bazaar   | Bought a potion of berserk rage for 180 gold pieces
 39674 | Vaults:1 | Reached XP level 20. HP: 137/137 MP: 27/27
 41268 | Vaults:2 | Reached skill level 10 in Evocations
 41349 | Vaults:2 | Reached skill level 20 in Shapeshifting
 41866 | Vaults:2 | Found a staircase to the Crypt.
 42414 | Vaults:3 | Reached skill level 10 in Unarmed Combat
 42491 | Vaults:3 | Got a parchment book
 42615 | Vaults:3 | Reached XP level 21. HP: 144/144 MP: 26/28
 44016 | Vaults:4 | Found a magical portal.
 44020 | Vaults:4 | Found Jadaah's Armour Shoppe.
 44038 | WizLab   | Entered Alistair's Party Mansion
 44559 | WizLab   | Acquired the +3 hat of Pondering {ponderous, Will+ MP+10
                  | Int+5}
 44559 | WizLab   | Found the +3 hat of Pondering {ponderous, Will+ MP+10
                  | Int+5}
 44864 | WizLab   | Got a foxed book
 45130 | Vaults:4 | Found a transporter.
 45182 | Vaults:4 | Found a bloodstained altar of Trog.
 45182 | Vaults:4 | Found the necklace of Bloodlust {Fury *Rage Will++ Int-3
                  | Slay+6}
 45421 | Depths:1 | Entered Level 1 of the Depths
 45933 | Depths:1 | Reached XP level 22. HP: 152/152 MP: 24/29
 46092 | Depths:1 | Found a one-way gate to the infinite horrors of the Abyss.
 46349 | Depths:1 | Found Hamewn's Book Shoppe.
 46351 | Depths:1 | Found Ofeakat's Jewellery Boutique.
 46352 | Depths:1 | Found Kegun's Book Shoppe.
 46822 | Depths:2 | Found a one-way gate leading to the halls of Pandemonium.
 46973 | Depths:2 | Found a gateway to Hell.
 47895 | Depths:3 | Identified the amulet "Vuno" {Reflect Will+ SH+5}
 47931 | Depths:3 | Reached skill level 21 in Shapeshifting
 47955 | Depths:3 | Noticed the Enchantress
 47970 | Depths:3 | Killed the Enchantress
 49094 | Depths:3 | Found an iron altar of Okawaru.
 49381 | Depths:3 | Noticed a golden dragon
 49481 | Depths:3 | Killed a golden dragon
 49489 | Depths:3 | Found the +4 robe of Folly {Brill Will-∞ Int+8}
 49618 | Depths:3 | Identified the +11 mace of Xom's Delight {drain, rElec
                  | rPois rF+ Int+3}
 49650 | Depths:3 | Got a curious book
 49821 | Depths:1 | Reached skill level 1 in Transmutations
 50176 | Depths:4 | Entered Level 4 of the Depths
 50277 | Depths:4 | Reached XP level 23. HP: 159/159 MP: 30/30
 50294 | Depths:4 | Reached skill level 15 in Unarmed Combat
 50298 | Depths:4 | Noticed a golden dragon
 50303 | Depths:4 | Killed a golden dragon
 50788 | Depths:4 | Learned a level 2 spell: Wereblood
 50791 | Depths:4 | Learned a level 2 spell: Passwall
 50918 | Depths:4 | Found a gate to the Realm of Zot.
 50986 | Depths:4 | Found a one-way gateway to a ziggurat.
 52639 | Crypt:1  | Entered Level 1 of the Crypt
 52784 | Crypt:1  | Reached skill level 1 in Shields
 53057 | Crypt:1  | Found a transporter.
 53111 | Crypt:1  | Found a transporter.
 53111 | Crypt:1  | Noticed Pakoimuu's ghost (veteran FoFi)
 54347 | Crypt:3  | Entered Level 3 of the Crypt
 54353 | Crypt:3  | Noticed Jory
 54360 | Crypt:3  | Killed Jory
 54482 | Crypt:3  | Reached skill level 5 in Transmutations
 54665 | Crypt:3  | Reached XP level 24. HP: 166/166 MP: 30/30
 54853 | Crypt:3  | Found a staircase to the Tomb.
 55261 | Crypt:3  | Reached skill level 22 in Shapeshifting
 55337 | Crypt:3  | Found an ancient bone altar of Kikubaaqudgha.
 55337 | Crypt:3  | Noticed a curse toe
 55374 | Crypt:3  | Killed a curse toe
 55490 | Crypt:3  | Found a basalt altar of Yredelemnul.
 55555 | Crypt:3  | Identified the +7 scimitar of Ixiqi {vamp, rElec rCorr MP+9
                  | Str-4}
 55720 | Vaults:5 | Entered Level 5 of the Vaults
 56025 | Vaults:5 | Reached skill level 5 in Shields
 56248 | Vaults:5 | Identified the +8 hand axe "Embalmer" {antimagic, rC+
                  | Will+}
 56425 | Vaults:5 | Reached XP level 25. HP: 172/172 MP: 30/30
 56465 | Vaults:5 | Noticed an ancient lich
 56474 | Vaults:5 | Killed an ancient lich
 56668 | Vaults:5 | Got a silver rune of Zot
 56963 | Vaults:5 | Identified the +7 hand axe "Guamogu" {holy, Int+2 Dex+8}
 57046 | Vaults:5 | Identified the +6 plate armour of Insurance {rC- rN+++
                  | Dex+6}
 57291 | Vaults:5 | Learned a level 4 spell: Manifold Assault
 57394 | Vaults:4 | Found a transporter.
 57666 | Lair:1   | Killed Kurtz's ghost
 57924 | Zot:1    | Entered Level 1 of the Realm of Zot
 57933 | Zot:1    | Noticed an orb of fire
 57945 | Depths:4 | Killed an orb of fire
 57946 | Depths:4 | Reached skill level 1 in Earth Magic
 58268 | Zot:1    | Identified the +10 halberd of Laudoega {venom, rPois Str+3}
 58411 | Zot:1    | Identified the amulet of Fapyxt {Spirit MP-9 Str+7 Int+2
                  | Dex-3}
 59122 | Zot:2    | Found the +4 dragonskin cloak
 59122 | Zot:2    | Noticed Tiamat
 59152 | Zot:2    | Noticed an orb of fire
 59167 | Zot:1    | Killed an orb of fire
 59344 | Zot:2    | Reached skill level 10 in Translocations
 59526 | Zot:2    | Reached XP level 26. HP: 180/180 MP: 30/30
 60540 | Zot:3    | Reached skill level 5 in Earth Magic
 61089 | Zot:5    | Entered Level 5 of the Realm of Zot
 61143 | Zot:4    | Reached skill level 23 in Shapeshifting
 62054 | Zot:5    | Noticed an orb of fire
 62059 | Zot:5    | Killed an orb of fire
 62063 | Zot:5    | Noticed an ancient lich
 62068 | Zot:5    | Noticed an orb of fire
 62073 | Zot:4    | Killed an ancient lich
 62227 | Zot:5    | Noticed a Killer Klown
 62230 | Zot:5    | Killed a Killer Klown
 62248 | Zot:5    | Noticed an orb of fire
 62260 | Zot:5    | Gained mutation: You occasionally shout uncontrollably at
                  | your foes. [an orb of fire]
 62261 | Zot:5    | Gained mutation: One of your tentacles bears a spike. [an
                  | orb of fire]
 62264 | Zot:5    | Killed an orb of fire
 62278 | Zot:5    | Noticed an ancient lich
 62280 | Zot:5    | Noticed an ancient lich
 62282 | Zot:5    | Killed an ancient lich
 62287 | Zot:5    | Killed an ancient lich
 62293 | Zot:5    | Killed an orb of fire
 62454 | Zot:5    | Noticed a dread lich
 62460 | Zot:5    | Killed a dread lich
 62672 | Zot:5    | Noticed an ancient lich
 62678 | Zot:5    | Killed an ancient lich
 62679 | Zot:5    | Reached XP level 27. HP: 187/187 MP: 30/30
 63493 | Zot:5    | Noticed a dread lich
 63493 | Zot:5    | Noticed an ancient lich
 63493 | Zot:5    | Noticed an orb of fire
 63494 | Zot:5    | Noticed an orb of fire
 63494 | Zot:5    | Noticed an orb of fire
 63494 | Zot:5    | Gained mutation: You have a pair of small antennae on your
                  | head. [an orb of fire]
 63495 | Zot:5    | Gained mutation: Your body sometimes deteriorates upon
                  | taking damage. [an orb of fire]
 63497 | Zot:5    | Noticed an ancient lich
 63504 | Zot:5    | Killed an ancient lich
 63537 | Zot:5    | Gained mutation: You are weak. (Str -2) [an orb of fire]
 63538 | Zot:5    | Gained mutation: You occasionally lose the ability to drink
                  | potions when taking damage. [an orb of fire]
 63539 | Zot:5    | Gained mutation: You are covered in fur. (AC +1) [an orb of
                  | fire]
 63540 | Zot:5    | Noticed a dread lich
 63545 | Zot:5    | Killed an ancient lich
 63551 | Zot:5    | Killed an orb of fire
 63555 | Zot:5    | Killed a dread lich
 63645 | Zot:5    | Killed an orb of fire
 63750 | Zot:5    | Killed a dread lich
 63766 | Zot:5    | Gained mutation: You frequently scream uncontrollably at
                  | your foes. [an orb of fire]
 63775 | Zot:5    | Gained mutation: Your body often deteriorates upon taking
                  | damage. [an orb of fire]
 63776 | Zot:5    | Killed an orb of fire
 63790 | Zot:5    | Lost mutation: You are weak. (Str -2) [potion of mutation]
 63790 | Zot:5    | Lost mutation: One of your tentacles bears a spike. [potion
                  | of mutation]
 63790 | Zot:5    | Lost mutation: You are covered in fur. (AC +1) [potion of
                  | mutation]
 63790 | Zot:5    | Gained mutation: You have a pair of antennae on your head.
                  | [potion of mutation]
 63790 | Zot:5    | Gained mutation: You sometimes lose your temper in combat.
                  | [potion of mutation]
 63790 | Zot:5    | Gained mutation: You are covered in fur. (AC +1) [potion of
                  | mutation]
 63791 | Zot:5    | Lost mutation: You occasionally lose the ability to drink
                  | potions when taking damage. [potion of mutation]
 63791 | Zot:5    | Lost mutation: Your body often deteriorates upon taking
                  | damage. [potion of mutation]
 63791 | Zot:5    | Lost mutation: Your body sometimes deteriorates upon taking
                  | damage. [potion of mutation]
 63791 | Zot:5    | Gained mutation: Your muscles are strong. (Str +4, Int/Dex
                  | -1) [potion of mutation]
 65143 | Zot:5    | Got the Orb of Zot
 65204 | Zot:5    | Noticed a seraph
 65774 | D:$      | Escaped with the Orb!

Illustrated notes

Levels and vault maps discovered:
D:1:      lightli_arrival_maybe_door_vault, layout_rooms, serial_glass,
          glass_columns_a, glass_columns_b, glass_columns_b, glass_columns_b,
          glass_columns_b, glass_columns_a
D:2:      layout_rooms
D:3:      layout_rooms, nicolae_ecumenical_oubliette, uniq_jessica
D:4:      layout_basic, riverfiend_overflow_shadow_ancestor,
          portal_sewer_entry_e, uniq_crazy_yiuf_cottage
D:5:      layout_loops_ring, minmay_temple_entry_junction_2, uniq_ijyb,
          uniq_pikel, uniq_duvessa, uniq_blork_the_orc
D:6:      layout_cave_pools, serial_shops, kennysheep_little_box, uniq_menkaure
D:7:      layout_rooms, grunt_temple_overflow_octagram, nicolae_letterblocks
          [nicolae_letter_subblock, nicolae_letter_subblock,
          nicolae_letter_subblock, nicolae_letter_subblock,
          nicolae_letter_subblock, nicolae_letter_subblock,
          nicolae_letter_subblock, nicolae_letter_subblock,
          nicolae_letter_subblock, nicolae_letter_subblock,
          nicolae_letter_subblock, nicolae_letter_subblock,
          nicolae_letter_subblock, nicolae_letter_subblock,
          nicolae_letter_subblock, nicolae_letter_subblock,
          nicolae_letter_subblock, nicolae_letter_subblock,
          nicolae_letter_subblock, nicolae_letter_subblock,
          nicolae_letter_subblock, nicolae_letter_subblock,
          nicolae_letter_subblock, nicolae_letter_subblock,
          nicolae_letter_subblock]
D:8:      layout_loops_ring, minmay_circle_x
D:9:      hangedman_screamer, layout_loops_corners, hex_large, uniq_maggie,
          uniq_joseph
D:10:     layout_roguey, enter_bailey_4, trove_entry_hex_spiral,
          hangedman_decor_opposing
D:11:     layout_basic, lair_entry_dummy, nicolae_stop_n_shop_2,
          minmay_pinched_square
D:12:     layout_irregular_city, kennysheep_orc_monster_closet_entryway,
          minmay_holes, zin_purify, uniq_nergalle
D:13:     layout_loops_ring, david_vaults_2, uniq_rupert, uniq_frances,
          uniq_lodul
D:14:     minmay_roctagon, layout_loops_ring, ebering_ghost_reflecting_pool
D:15:     gammafunk_enter_depths_forms, layout_long_grid, minivault_11
Lair:1:   layout_roguey, gammafunk_ghost_grave, nicolae_lair_grove_arrangements
Lair:2:   layout_small_grid, palyth_hydra_swamp_entry,
          guppyfry_snake_entry_garden, serial_bayou_shore_a, grunt_megastairs_1,
          lemuel_fruit_tree, uniq_erica, uniq_sonja
Lair:3:   layout_layer_cave, infiniplex_staircase_pool, uniq_gastronok
Lair:4:   layout_cave_pods, serial_bayou_pond_d
Lair:5:   due_jungle_book, layout_loops_ring, slime_entry_1, grunt_megastairs_4
Swamp:1:  layout_basic_swamp, evilmike_swamp_ruin_house_5
Swamp:2:  layout_falls_marsh, nicolae_swamp_orc_logging_accident, swamp_pool3
Swamp:3:  layout_basic_swamp, evilmike_swamp_ruin_house_4
Swamp:4:  swamp_alternative, layout_basic_swamp
Snake:1:  layout_rooms, minmay_shop_star
Snake:2:  layout_concentric_octagons, nrook_guardian_serpent_double
Snake:3:  layout_rooms, serial_bayou_pond_e, nicolae_snake_coiling_death,
          grunt_megastairs_3
Snake:4:  johnstein_snake_rune_scales, layout_onion, serial_shops, shop,
          grunt_ministairs_1, grunt_megastairs_5, minmay_shoptagon, uniq_louise
Orc:1:    layout_caves, uniq_erolcha, uniq_fannar
Orc:2:    st_orc_open, layout_diamond_mine, uniq_jorgrun, uniq_saint_roka
Vaults:1: nicolae_vaults_meeting, nicolae_vaults_little_squares_2,
          nicolae_vaults_trapezoid_lopsided_4, v_misc_4,
          nicolae_vaults_stepped_doors, nicolae_vaults_little_squares_3,
          vaults_dpeg_cross, nicolae_vaults_double_plus_1, v_pattern_5,
          nicolae_vaults_little_squares_2, ontoclasm_vaults_ligature,
          nicolae_vaults_tetromino_L_1, v_misc_26, layout_vaults_big_room,
          serial_shops, bzr_entry_customers
Vaults:2: vaults_room_door_hall, nicolae_vaults_trapezoid_2,
          hangedman_vaults_nails, ontoclasm_vaults_fault, v_rooms_5,
          grunt_vaults_hallway_long, minmay_crypt_entry_simple_box,
          nicolae_vaults_offset_grid_hallway_2, v_misc_19, ontoclasm_vaults_eye,
          nicolae_vaults_three_branches, nicolae_vaults_layer_cake_slice,
          nicolae_vaults_tangram_1, layout_vaults_omnicross
Vaults:3: nicolae_vaults_trapezoid_3, nicolae_vaults_security_offices_3,
          layout_vaults_omnigrid
Vaults:4: infiniplex_enter_wizlab_water, emtedronai_trogs_sanctum,
          nicolae_vaults_asterisk, nicolae_vaults_triangles,
          layout_vaults_omnibox, serial_shops, nicolae_shop_behind_doors
Vaults:5: uniq_margery
Crypt:1:  layout_regular_city, gammafunk_ghost_abyssal_escape
Crypt:2:  layout_chaotic_city
Crypt:3:  lightli_unholy_cathedral, layout_chaotic_city,
          tomb_entry_forgotten_bobbens, uniq_jory
Depths:1: layout_big_octagon, hellmouth_2, abyss_entry, hangedman_decor_lopped,
          lemuel_flamethrower_3, kennysheep_random_hallway, minmay_shop_grove
Depths:2: minmay_outward_triangles, layout_twisted_cross, hell_entry,
          grunt_pan_entry_zigzag, abyss_entry
Depths:3: gold_lair_mu, layout_gridlike,
          hellmonk_okawaru_the_only_friend_you_need, abyss_entry,
          pf_coc_iceberg, uniq_enchantress
Depths:4: grunt_x_marks_the_spot, layout_gridlike, enter_ziggurat_d,
          chequers_serial_rivers_small_a, hell_entry
Zot:1:    layout_misc_corridors, st_small_dragon_hoard_1
Zot:2:    layout_cellular_growth, grunt_ministairs_12, uniq_tiamat
Zot:3:    layout_cellular_growth
Zot:4:    layout_concentric_octagons
Zot:5:    layout_twisted_circle

Skill      XL: |  1  2  3  4  5  6  7  8  9 10 11 12 13 14 15 16 17 18 19 20 21 22 23 24 25 26 27 |
---------------+----------------------------------------------------------------------------------+-----
Stealth        | 1 2 3 4 5 6 |  6.0
Fighting       | 2 3 4 5 8 10 11 12 13 14 15 16 17 18 19 20 21 22 | 22.7
Long Blades    | 2 3 |  3.2
Shapeshifting  | 6 10 12 14 15 16 17 18 19 20 21 22 23 | 23.6
Unarmed Combat | 5 6 7 10 12 14 16 17 18 19 | 19.6
Dodging        | 5 7 9 11 12 13 14 15 16 17 18 19 20 21 22 | 22.3
Invocations    | 5 8 10 | 10.0
Translocations | 4 7 8 10 11 12 | 12.0
Evocations     | 4 7 8 9 10 | 10.0
Transmutations | 1 5 7 8 |  8.2
Shields        | 3 5 |  5.0
Earth Magic    | 4 7 8 |  8.0

Action                     |  1- 3 |  4- 6 |  7- 9 | 10-12 | 13-15 | 16-18 | 19-21 | 22-24 | 25-27 || total
---------------------------+-------+-------+-------+-------+-------+-------+-------+-------+-------++-------
  Melee: Unarmed           |    68 |   104 |   114 |   329 |   601 |   733 |   764 |   839 |   567 ||  4119
         Constrict         |    22 |    32 |    56 |    56 |       |       |       |    98 |   104 ||   368
         Tentacles         |    15 |    26 |    62 |    62 |       |       |       |   171 |   213 ||   549
         Punch             |     1 |       |    13 |    23 |    38 |    45 |    70 |   141 |   107 ||   438
         Dagger            |       |       |   129 |    47 |       |       |       |       |       ||   176
         Tailslap          |       |       |       |    30 |   103 |   145 |   160 |    85 |     3 ||   526
         Bite              |       |       |       |    17 |    83 |   118 |   132 |    53 |     3 ||   406
         Kick              |       |       |       |       |       |       |       |       |    77 ||    77
  Throw: Stone             |     2 |     3 |       |       |       |       |       |       |       ||     5
         Dart              |       |     5 |     8 |       |       |       |       |       |       ||    13
   Cast: Lesser Beckoning  |       |       |       |       |       |    19 |    89 |   128 |    51 ||   287
         Wereblood         |       |       |       |       |       |       |       |       |     3 ||     3
 Invoke: Ancestor Life: He |       |       |     1 |       |       |       |       |       |       ||     1
         Recall Ancestor   |       |       |       |     2 |     6 |    12 |     3 |     1 |    16 ||    40
         Idealise          |       |       |       |       |     1 |     3 |     7 |    10 |    16 ||    37
Ability: Breathe Fire      |       |       |       |     1 |    23 |    51 |    48 |    35 |       ||   158
         Begin Untransform |       |       |       |     1 |       |       |     1 |       |       ||     2
  Evoke: Wand              |       |       |    14 |     3 |     9 |     1 |       |     1 |     1 ||    29
         Phial of floods   |       |       |       |       |     1 |       |       |       |       ||     1
         Lightning rod     |       |       |       |       |       |       |       |     4 |       ||     4
         Phantom mirror    |       |       |       |       |       |       |       |       |     1 ||     1
    Use: Scroll            |     2 |     2 |     4 |    19 |     3 |     7 |     6 |     2 |    15 ||    60
         Potion            |       |     1 |     1 |    10 |     7 |     5 |     6 |     1 |    14 ||    45
   Stab: Sleeping          |     6 |    12 |    14 |    12 |     6 |    10 |     8 |     3 |     1 ||    72
         Distracted        |       |       |     1 |     9 |     7 |    16 |    12 |    21 |    21 ||    87
         Confused          |       |       |     1 |    13 |    23 |    13 |    53 |    55 |    36 ||   194
         Invisible         |       |       |       |       |     2 |       |       |       |       ||     2
         Paralysed         |       |       |       |       |    14 |    60 |    61 |    66 |    43 ||   244
 Armour: Skin              |    24 |    39 |    93 |   246 |   363 |   584 |   376 |   383 |   329 ||  2437
  Dodge: Dodged            |    26 |    49 |   104 |   168 |   302 |   488 |   433 |   601 |   610 ||  2781
  Block: Other             |       |     2 |    46 |    76 |   107 |   145 |   118 |    58 |     1 ||   553
         Reflection        |       |       |     3 |       |     6 |     8 |    14 |     8 |     4 ||    43
         Buckler           |       |       |       |       |       |       |       |   307 |   357 ||   664
   Form: Dragon            |       |       |       |     2 |       |       |     2 |     1 |     1 ||     6
         Statue            |       |       |       |       |       |       |     1 |     2 |     1 ||     4

Table legend: (Time is in decaauts)
 A = Elapsed time spent in this place.
 B = Non-inter-level travel time spent in this place.
 C = Inter-level travel time spent in this place.
 D = Time resting spent in this place.
 E = Time spent auto-exploring this place.
 F = Levels seen in this place.
 G = Mean time per level.
                   A        B        C        D        E       F      G
               +--------+--------+--------+--------+--------+-----+--------+
         Total |  72596 |  64781 |   7815 |   7863 |  39429 |  52 | 1396.1 |
       Dungeon |  18185 |  16144 |   2041 |   1380 |  11135 |  15 | 1212.3 |
          Lair |   7201 |   6600 |    601 |    862 |   4618 |   5 | 1440.2 |
         Swamp |   4637 |   4397 |    240 |   1213 |   2214 |   4 | 1159.2 |
     Snake Pit |   5749 |   5506 |    243 |    544 |   3953 |   4 | 1437.2 |
  Orcish Mines |   2425 |   2291 |    134 |    417 |   1458 |   2 | 1212.5 |
        Vaults |   9097 |   7567 |   1530 |    679 |   4405 |   5 | 1819.4 |
         Crypt |   4747 |   4447 |    300 |     24 |   2832 |   3 | 1582.3 |
        Depths |   7558 |   6332 |   1226 |    686 |   4264 |   4 | 1889.5 |
           Zot |  10150 |   8655 |   1495 |   1244 |   3656 |   5 | 2030.0 |
         Abyss |    523 |    523 |      0 |      0 |    312 |   1 |  523.0 |
        Bazaar |    310 |    310 |      0 |    176 |     92 |   1 |  310.0 |
         Sewer |    418 |    418 |      0 |    141 |     69 |   1 |  418.0 |
        Bailey |    750 |    750 |      0 |    289 |     92 |   1 |  750.0 |
        Wizlab |    841 |    841 |      0 |    206 |    327 |   1 |  841.0 |
               +--------+--------+--------+--------+--------+-----+--------+

Top non-repeatable levels by time:
   Zot:5: 2828 daAuts
Vaults:5: 2505 daAuts
   Zot:2: 2368 daAuts
Vaults:2: 2315 daAuts
Depths:3: 2250 daAuts
Depths:4: 2233 daAuts
  Lair:5: 2220 daAuts
   Zot:1: 2097 daAuts
Depths:1: 2009 daAuts
     D:9: 2007 daAuts
 Crypt:3: 1993 daAuts
 Snake:4: 1981 daAuts
    D:15: 1848 daAuts
Vaults:3: 1827 daAuts
     D:5: 1603 daAuts
